 Dungeon Crawl Stone Soup version 0.17.0-24-gcfadda4 (console) character file.

4 gw the Poker (level 1, 0/17 HPs)
             Began as a Centaur Gladiator on Nov 15, 2015.
             Slain by a kobold (2 damage)
             ... on level 1 of the Dungeon.
             The game lasted 00:00:49 (169 turns).

gw the Poker (Centaur Gladiator)                     Turns: 169, Time: 00:00:49

Health: 0/17       AC:  5    Str: 17    XL:     1   Next: 50%
Magic:  1/1        EV:  9    Int:  7    God:
Gold:   6          SH:  0    Dex:  9    Spells: 0 memorised, 0 levels left

rFire  . . .     SeeInvis .     a - +0 trident
rCold  . . .     Clarity  .     b - +0 leather armour
rNeg   . . .     SustAt   .     (no shield)
rPois  .         Gourm    .     c - +0 helmet
rElec  .         Spirit   .     (no cloak)
rCorr  .         Warding  .     (no gloves)
rMut   .         Stasis   .     (no barding)
MR     .....                    (no amulet)
Stlth  ..........               (no ring)
                                (no ring)

@: very quick, not resistant to hostile enchantments, extremely unstealthy
A: hooves 3, deformed body, speed 2, tough skin 3
a: no special abilities


You were on level 1 of the Dungeon.
You were not hungry.

You visited 1 branch of the dungeon, and saw 1 of its levels.

You collected 6 gold pieces.

Inventory:

Hand Weapons
 a - a +0 trident (weapon)
Missiles
 d - 3 throwing nets
Armour
 b - a +0 leather armour (worn)
 c - a +0 helmet (worn)
Scrolls
 g - a scroll of teleportation {unknown}
Potions
 f - a potion of cancellation {unknown}
Comestibles
 e - a bread ration
 h - a meat ration


   Skills:
 + Level 2.0 Fighting
 + Level 2.8 Polearms
 - Level 2.1 Throwing
 + Level 0.3 Armour
 - Level 2.1 Dodging


You couldn't memorise any spells.
You didn't know any spells.

Dungeon Overview and Level Annotations

Branches:
Dungeon (1/15)

Altars:


Innate Abilities, Weirdness & Mutations

You have hooves in place of feet.
Armour fits poorly on your strangely shaped body.
You cover ground very quickly.
You have extremely tough skin (AC +3).


Message History

MOVING TO (-2,-1) MOVING TO (-1,0) MOVING TO (-3,0) MOVING TO (-2,0) MOVING TO (-1,0) MOVING TO (0,-2) MOVING TO (0,-1) KIIIITING; ATTACKING (1,0)
You closely miss the kobold. Your kick misses the kobold. The kobold hits you.
KIIIITING Trying to move but square is occupied??
Stuck???
Cornered!!!
Making a random move You closely miss the goblin.
The goblin hits you with a club. The kobold hits you.
FLEEEEING!
Trying to move but square is occupied??
Stuck???
Cornered!!!
Making a random move You puncture the goblin!
You kill the goblin!
The kobold hits you.
You die...

'... ...
.#.........
...........
.........!
#####.##....#
#cK.........# ####
#g###.......###...
#.g.g.g...>...+...
######...##.#.#...
#...........#.#...
#.#...........#...
......#######.....
......... +.....
...#..... #....#


You could see a hobgoblin, a goblin and a kobold.

Table legend:
 A = Turns spent in this place as a percentage of turns spent in the entire game.
 B = Non-inter-level travel turns spent in this place as a percentage of non-inter-level travel turns spent in the entire game.
 C = Inter-level travel turns spent in this place as a percentage of turns spent in this place.
 D = Turns resting spent in this place as a percentage of non-inter-level travel turns spent in this place.
 E = Turns spent auto-exploring this place as a percentage of non-inter-level travel turns spent in this place.
 F = Non-inter-level travel turns spent in this place divided by the number of levels of this place that you've seen.
                   A       B       C       D       E      F
               +-------+-------+-------+-------+-------+----------------------
         Total | 100.0 | 100.0 |   0.0 |   0.0 |   1.4 | 504.0
       Dungeon | 100.0 | 100.0 |   0.0 |   0.0 |   1.4 | 504.0
               +-------+-------+-------+-------+-------+----------------------

Table legend:
 A = Kills in this place as a percentage of kills in entire the game.
 B = Kills by you in this place as a percentage of kills by you in the entire game.
 C = Kills by friends in this place as a percentage of kills by friends in the entire game.
 D = Other kills in this place as a percentage of other kills in the entire game.
 E = Experience gained in this place as a percentage of experience gained in the entire game.
 F = Experience gained in this place divided by the number of levels of this place that you have seen.
                   A       B       C       D       E      F
               +-------+-------+-------+-------+-------+----------------------
         Total | 100.0 | 100.0 |  -nan |  -nan | 100.0 |   6.0
       Dungeon | 100.0 | 100.0 |  -nan |  -nan | 100.0 |   6.0
               +-------+-------+-------+-------+-------+----------------------

Vanquished Creatures
  2 bats (D:1)
  A goblin (D:1)
  A rat (D:1)
4 creatures vanquished.

Notes
Turn   | Place    | Note
--------------------------------------------------------------
     0 | D:1      | gw the Centaur Gladiator began the quest for the Orb.
     0 | D:1      | Reached XP level 1. HP: 17/17 MP: 1/1
   169 | D:1      | Slain by a kobold

Action                   || total
-------------------------++-------
Melee: Trident           ||    13

Vault maps used:
D:1:      zelgadis_glass_arrival_small
